 Dungeon Crawl Stone Soup version 0.31.0-12-g77e489cdc1 (webtiles) character file.

Game seed: 13138700993077005015

24 Ekaitz the Firebug (level 2, -2/20 HPs)
             Began as a Demonspawn Fire Elementalist on Feb 21, 2024.
             Killed by nerve-wracking pain
             ... invoked by Jessica
              (7 damage)
             ... on level 2 of the Dungeon.
             The game lasted 00:02:17 (1172 turns).

Ekaitz the Firebug (Demonspawn Fire Elementalist)   Turns: 1172, Time: 00:02:18

Health: -2/20      AC:  2    Str:  8    XL:     2   Next: 79%
Magic:  2/5        EV: 17    Int: 15    God:
Gold:   81         SH:  0    Dex: 13    Spells: 2/5 levels left

rFire   . . .        f - +0 dagger
rCold   . . .        (no shield)
rNeg    . . .        a - +0 robe
rPois   .            (no helmet)
rElec   .            (no cloak)
rCorr   .            (no gloves)
SInv    .            (no boots)
Will    .....        (no amulet)
Stlth   ++           i - ring of wizardry
HPRegen 0.23/turn    (no ring)
MPRegen 0.09/turn

%: wizardry (x1)
@: agile
A: powered by pain 1
a: no special abilities


You were on level 2 of the Dungeon.
You visited 1 branch of the dungeon, and saw 2 of its levels.

You collected 81 gold pieces.

Inventory:

Hand Weapons
 f - a +0 dagger (weapon)
Armour
 a - a +0 robe (worn)
Jewellery
 i - a ring of wizardry (left hand)
Wands
 j - a wand of roots (10)
Scrolls
 g - 3 scrolls of identify {unknown}
Potions
 b - a potion of magic
 c - 2 potions of heal wounds {unknown}
 d - 3 potions of haste {unknown}
 e - a potion of berserk rage {unknown}
 h - a potion of mutation {unknown}


   Skills:
 * Level 0.6 Fighting
 + Level 1.8 Dodging
 + Level 1.9 Stealth
 + Level 2.1 Spellcasting
 * Level 1.4 Conjurations
 * Level 3.1 Fire Magic


You had 2 spell levels left.
You knew the following spells:

 Your Spells              Type           Power      Damage    Failure   Level
a - Foxfire               Conj/Fire      32%        2x1d5     3%          1
b - Scorch                Fire           22%        2d5       3%          2

Your spell library contained the following spells:

 Spells                   Type           Power      Damage    Failure   Level
 Inner Flame              Hex/Fire       6%         N/A       14%         3
 Volatile Blastmotes      Fire/Tloc      12%        2d11      14%         3
 Flame Wave               Conj/Fire      8%         2d5       32%         4


Dungeon Overview and Level Annotations

Branches:
Dungeon (2/15)

Altars:

Annotations:
D:2 Jessica


Innate Abilities, Weirdness & Mutations

You sometimes gain a little power by taking damage.


Message History

You kill the gnoll!
Unknown command.
You climb upwards.
There is a stone staircase leading down here.
You start resting.
Your magical contamination has completely faded away.
You start resting.
Magic restored.
You climb downwards.
Level annotation: Jessica The gnoll hits you with a +0 flail.
Jessica points at you and mumbles some strange words.
Pain shoots through your body!
Ouch! That really hurt!
* * * LOW HITPOINT WARNING * * *
You focus on the pain.
You feel agile all of a sudden. The gnoll misses you.
There is a stone staircase leading up here.
The gnoll attacks as it pursues you! The gnoll completely misses you.
Jessica shouts, "You're disturbing me!
I'll have to kill you!"
Jessica mumbles some strange words.
Jessica blinks!
The gnoll attacks as it pursues you! The gnoll completely misses you.
Casting: Scorch (safe; 3% risk of failure)
Confirm with . or Enter, or press ? or * to list all spells.
You conjure some foxfire!
The gnoll closely misses you.
Casting: Foxfire (safe; 3% risk of failure)
Confirm with . or Enter, or press ? or * to list all spells.
Flames lash the gnoll.
The gnoll is heavily wounded.
The gnoll's fire resistance burns away.
The foxfire hits Jessica but does no damage.
The foxfire hits Jessica.
Jessica is moderately wounded.
The gnoll misses you. The gnoll barely misses you.
Unknown command.
Jessica gestures at you while chanting. Pain shoots through your body!
You die...

...#........>...#
##........#.....#
#...............#
#................
................
# #............
#.#.@gg<..)....
#..ยง.#.........
#...@#.........
#....#.........
#..............
#....##.##...##
..###.#..# .....
#.. ...... .....
## ... ...


You could see a gnoll (combustible) and Jessica.

Vanquished Creatures
  A gnoll (D:2)
  A bat (D:1)
  2 endoplasms (D:1)
  A giant cockroach (D:1)
  A goblin (D:1)
  3 hobgoblins (D:1)
  A ball python (D:1)
  2 kobolds (D:1)
  A rat (D:1)
13 creatures vanquished.

Vanquished Creatures (others)
  51 foxfires
51 creatures vanquished.

Grand Total: 64 creatures vanquished

Notes
Turn   | Place    | Note
-------+----------+-------------------------------------------
     0 | D:1      | Ekaitz the Demonspawn Fire Elementalist began the quest for
                  | the Orb.
     0 | D:1      | Reached XP level 1. HP: 13/13 MP: 3/3
   360 | D:1      | Reached skill level 3 in Fire Magic
   482 | D:1      | Found a faded altar of an unknown god.
   497 | D:1      | Gained mutation: You sometimes gain a little power by
                  | taking damage. [demonic ancestry]
   497 | D:1      | Reached XP level 2. HP: 19/19 MP: 0/5
   500 | D:1      | Learned a level 2 spell: Scorch
  1109 | D:2      | Noticed Jessica
  1172 | D:2      | Killed from afar by Jessica

Illustrated notes

Levels and vault maps discovered:
D:1:      onia_arrival_pentagram, layout_basic, shapermc_ecumenical_altar_venn
D:2:      wad_lake_hut, layout_basic, serial_shops,
          nicolae_shop_just_a_little_nook, uniq_jessica

Skill      XL: |  1 |
---------------+----+-----
Fire Magic     | 3 |  3.1
Fighting       | |  0.6
Dodging        | |  1.8
Stealth        | |  1.9
Spellcasting   | |  2.1
Conjurations   | |  1.4

Action                     || total
---------------------------++-------
  Melee: Dagger            ||     1
   Cast: Foxfire           ||    28
         Scorch            ||     2
   Stab: Sleeping          ||     1
 Armour: Robe              ||    12
  Dodge: Dodged            ||    15
